 Dungeon Crawl Stone Soup version 0.30-a0-743-gbfdf073431 (webtiles) character file.

Game seed: 3208053140352949806

121 sircluck the Ducker (level 5, -3/47 HPs)
             Began as a Gnoll Wanderer on Feb 7, 2023.
             Killed from afar by an orc wizard (10 damage)
             ... with a magic dart
             ... on level 3 of the Dungeon.
             The game lasted 00:05:20 (1906 turns).

sircluck the Ducker (Gnoll Wanderer)                Turns: 1906, Time: 00:05:21

Health: -3/47      AC:  3    Str:  8    XL:     5   Next: 5%
Magic:  6/7        EV: 15    Int:  9    God:
Gold:   80         SH:  0    Dex: 19    Spells: 6/6 levels left

rFire   . . .      SeeInvis .    a - +0 sling
rCold   . . .      Faith    .    (no shield)
rNeg    . . .      Spirit   .    c - +0 leather armour
rPois   .          Reflect  .    (no helmet)
rElec   .          Harm     .    (no cloak)
rCorr   .          Rampage  .    (no gloves)
Will    .....                    (no boots)
Stlth   +                        (no amulet)
HPRegen 0.27/turn                (no ring)
MPRegen 0.10/turn                (no ring)

@: confused, mighty
A: fangs 1, strong nose, distributed training
a: no special abilities


You were on level 3 of the Dungeon.
You visited 1 branch of the dungeon, and saw 3 of its levels.

You collected 80 gold pieces.

Inventory:

Hand Weapons
 a - a +0 sling (weapon)
 e - a +0 dagger
 q - a +0 scimitar
Missiles
 b - 3 throwing nets (quivered)
 d - 10 poisoned darts
 m - 23 stones
Armour
 c - a +0 leather armour (worn)
Magical Staves
 l - a staff of earth
Scrolls
 g - a scroll of noise {unknown}
 h - 2 scrolls of identify {unknown}
 i - a scroll of vulnerability {unknown}
 k - a scroll of silence {unknown}
 n - 2 scrolls of teleportation {unknown}
 o - a scroll of fear {unknown}
Potions
 f - a potion of lignification


   Skills:
 + Level 6.6 Fighting
 + Level 1.4 Short Blades
 + Level 1.4 Long Blades
 + Level 1.4 Axes
 + Level 1.4 Maces & Flails
 + Level 1.4 Polearms
 + Level 1.4 Staves
 + Level 2.9 Ranged Weapons
 + Level 2.9 Throwing
 + Level 1.4 Armour
 + Level 6.6 Dodging
 + Level 2.7 Stealth
 + Level 1.4 Shields
 + Level 1.4 Unarmed Combat
 + Level 1.4 Spellcasting
 + Level 1.1 Conjurations
 + Level 1.1 Hexes
 + Level 1.1 Summonings
 + Level 1.1 Necromancy
 + Level 1.1 Translocations
 + Level 1.1 Transmutations
 + Level 1.1 Fire Magic
 + Level 1.1 Ice Magic
 + Level 1.1 Air Magic
 + Level 1.1 Earth Magic
 + Level 1.1 Poison Magic
 + Level 1.5 Invocations
 + Level 2.9 Evocations


You had 6 spell levels left.
You didn't know any spells.
Your spell library contained the following spells:

 Spells                   Type           Power      Damage    Failure   Level
 Beastly Appendage        Tmut           4%         N/A       32%         1
 Cigotuvi's Dreadful Rot  Necr/Pois/Air  4%         N/A       43%         2
 Poisonous Vapours        Pois/Air       4%         N/A       43%         2
 Wereblood                Tmut           2%         N/A       43%         2
 Ignite Poison            Fire/Tmut/Pois 2%         N/A       67%         3
 Mephitic Cloud           Conj/Pois/Air  2%         N/A       67%         3
 Spider Form              Tmut/Pois      2%         N/A       67%         3
 Sticky Flame             Conj/Fire      2%         2d3       97%         4
 Ignition                 Fire           1%         3d3       100%        8


Dungeon Overview and Level Annotations

Branches:
Dungeon (3/15)

Altars:
Gozag
Nemelex Xobeh
Ru

Shops:
D:1 =


Innate Abilities, Weirdness & Mutations

You have very sharp teeth.
Your uncanny sense of smell can sniff out nearby items.
Your experience applies equally to all skills.


Message History

It was a potion of might.
You feel very mighty all of a sudden.
Throw: 4 throwing nets
Press: ? - help, Q - select action, (/) - cycle Shift-Dir - straight line, f - orc wizard
Aim: an orc wizard, wielding a +0 dagger and wearing a +0 robe (lightly wounded, 59% to hit)
You throw a throwing net. The throwing net hits the orc wizard.
The orc wizard is caught in the net!
The orc wizard is lightly wounded.
The orc wizard struggles against the net.
You are too injured to fight recklessly!
The orc wizard struggles against the net.
You shoot a sling bullet.
The sling bullet hits the orc wizard but does no damage.
The orc wizard is lightly wounded.
The orc wizard struggles against the net.
You shoot a sling bullet. The sling bullet hits the orc wizard.
The orc wizard is heavily wounded.
The orc wizard gestures at you while chanting.
You are confused.
The orc wizard struggles against the net.
You hit the plant!
The plant begins to die.
The plant is lightly damaged.
The orc wizard struggles against the net.
You clumsily bash the orc wizard.
Your bite misses the orc wizard.
The orc wizard is almost dead.
The orc wizard struggles against the net.
The net rips apart, and the orc wizard comes free!
The orc wizard points at you and mumbles some strange words.
The magic dart hits you.
* * * LOW HITPOINT WARNING * * *
You barely miss the plant.
The plant is lightly damaged.
A nearby plant withers and dies.
The orc wizard hits you with a +0 dagger.
* * * LOW HITPOINT WARNING * * *
You closely miss the orc wizard.
The orc wizard is almost dead.
The orc wizard points at you and mumbles some strange words.
The magic dart hits you!
You die... ##### #### PP.^^# ####o.##P..P.# #...#@..PP_.P# ########## #o###P.#^..^P .........# #.# #### PP.P

......<..# #†#######
### .........#
#oo...... .........#
#......##
.........###......#
.........##.......#
....................


You could see an orc wizard.

Vanquished Creatures
  A hound (D:3)
  Jessica (D:2)
  An adder (D:2)
  A dart slug (D:1)
  An orc (D:3)
  5 ball pythons
  11 endoplasms
  2 giant cockroaches (D:2)
  4 goblins
  3 hobgoblins
  2 jackals (D:1)
  2 quokkas
  4 bats
  6 frilled lizards
  6 kobolds
50 creatures vanquished.

Vanquished Creatures (others)
  A plant (D:3)
1 creature vanquished.

Grand Total: 51 creatures vanquished

Notes
Turn   | Place    | Note
-------+----------+-------------------------------------------
     0 | D:1      | sircluck the Gnoll Wanderer began the quest for the Orb.
     0 | D:1      | sircluck set off with the following items: a +0 sling, 4
                  | throwing nets, a +0 leather armour, 10 poisoned darts, a +0
                  | dagger, a potion of lignification.
     0 | D:1      | Reached XP level 1. HP: 23/23 MP: 1/1
   105 | D:1      | Reached XP level 2. HP: 29/29 MP: 2/2
   224 | D:1      | Found Juoschaar's Jewellery Boutique.
   774 | D:2      | Reached XP level 3. HP: 35/35 MP: 3/3
  1071 | D:2      | Reached skill level 1 in Invocations
  1310 | D:2      | Identified the +3 ring mail "Ywnoigap" {Slay-3 SInv Stlth+}
  1351 | D:2      | Reached skill level 1 in Short Blades
  1351 | D:2      | Reached skill level 1 in Long Blades
  1351 | D:2      | Reached skill level 1 in Axes
  1351 | D:2      | Reached skill level 1 in Maces & Flails
  1351 | D:2      | Reached skill level 1 in Polearms
  1351 | D:2      | Reached skill level 1 in Staves
  1351 | D:2      | Reached skill level 1 in Armour
  1351 | D:2      | Reached skill level 1 in Shields
  1351 | D:2      | Reached skill level 1 in Unarmed Combat
  1351 | D:2      | Reached skill level 1 in Spellcasting
  1572 | D:2      | Reached XP level 4. HP: 39/41 MP: 5/5
  1687 | D:2      | Noticed Jessica
  1693 | D:2      | Killed Jessica
  1694 | D:2      | Reached skill level 1 in Conjurations
  1694 | D:2      | Reached skill level 1 in Hexes
  1694 | D:2      | Reached skill level 1 in Summonings
  1694 | D:2      | Reached skill level 1 in Necromancy
  1694 | D:2      | Reached skill level 1 in Translocations
  1694 | D:2      | Reached skill level 1 in Transmutations
  1694 | D:2      | Reached skill level 1 in Fire Magic
  1694 | D:2      | Reached skill level 1 in Ice Magic
  1694 | D:2      | Reached skill level 1 in Air Magic
  1694 | D:2      | Reached skill level 1 in Earth Magic
  1694 | D:2      | Reached skill level 1 in Poison Magic
  1821 | D:3      | Found a sparkling altar of Nemelex Xobeh.
  1821 | D:3      | Found an opulent altar of Gozag.
  1891 | D:3      | Reached XP level 5. HP: 13/47 MP: 5/7
  1894 | D:3      | Found a sacrificial altar of Ru.
  1906 | D:3      | Killed from afar by an orc wizard

Illustrated notes

Levels and vault maps discovered:
D:1:      wander_arrival_peaceful_grave, layout_basic, serial_shops,
          nicolae_shop_behind_doors, serial_glass, glass_columns_a,
          glass_columns_b
D:2:      kb_forest_paths, layout_basic, minmay_misc_feat_tower, uniq_jessica
D:3:      layout_rooms, grunt_temple_overflow_opulence,
          nicolae_ru_the_path_less_chosen

Skill      XL: |  1  2  3  4 |
---------------+-------------+-----
Invocations    | 1 |  1.5
Short Blades   | 1 |  1.4
Long Blades    | 1 |  1.4
Axes           | 1 |  1.4
Maces & Flails | 1 |  1.4
Polearms       | 1 |  1.4
Staves         | 1 |  1.4
Armour         | 1 |  1.4
Shields        | 1 |  1.4
Unarmed Combat | 1 |  1.4
Spellcasting   | 1 |  1.4
Conjurations   | 1 |  1.1
Hexes          | 1 |  1.1
Summonings     | 1 |  1.1
Necromancy     | 1 |  1.1
Translocations | 1 |  1.1
Transmutations | 1 |  1.1
Fire Magic     | 1 |  1.1
Ice Magic      | 1 |  1.1
Air Magic      | 1 |  1.1
Earth Magic    | 1 |  1.1
Poison Magic   | 1 |  1.1
Fighting       | |  6.6
Ranged Weapons | |  2.9
Throwing       | |  2.9
Dodging        | |  6.6
Stealth        | |  2.7
Evocations     | |  2.9

Action                     |  1- 3 |  4- 6 || total
---------------------------+-------+-------++-------
  Melee: Sling             |       |     4 ||     4
   Fire: Sling             |   107 |    30 ||   137
  Throw: Throwing net      |       |     1 ||     1
    Use: Potion            |       |     2 ||     2
 Armour: Leather armour    |     8 |     4 ||    12
  Dodge: Dodged            |    36 |    33 ||    69

Table legend: (Time is in decaauts)
 A = Elapsed time spent in this place.
 B = Non-inter-level travel time spent in this place.
 C = Inter-level travel time spent in this place.
 D = Time resting spent in this place.
 E = Time spent auto-exploring this place.
 F = Levels seen in this place.
 G = Mean time per level.
                   A        B        C        D        E       F      G
               +--------+--------+--------+--------+--------+-----+--------+
         Total |   1951 |   1864 |     87 |      0 |   1475 |   3 |  650.3 |
       Dungeon |   1951 |   1864 |     87 |      0 |   1475 |   3 |  650.3 |
               +--------+--------+--------+--------+--------+-----+--------+

Top non-repeatable levels by time:
     D:2: 1057 daAuts
     D:1: 782 daAuts
     D:3: 111 daAuts
